 Seeded DCSS version 0.30.1-6-gbe392663c4 (webtiles) character file.

Game seed: 1416809328348268147 (custom seed)

39 Psyclone the Chiller (level 3, -6/19 HPs)
             Began as a Deep Elf Ice Elementalist on Sept 20, 2023.
             Mangled by an iguana (11 damage)
             ... on level 4 of the Dungeon.
             The game lasted 00:05:58 (1180 turns).

Psyclone the Chiller (Deep Elf Ice Elementalist)    Turns: 1180, Time: 00:05:58

Health: -6/19      AC:  2    Str:  5    XL:     3   Next: 26%
Magic:  8/10       EV: 13    Int: 21    God:
Gold:   119        SH:  0    Dex: 15    Spells: 2/9 levels left

rFire   . . .        e - +0 dagger
rCold   . . .        (no shield)
rNeg    . . .        a - +0 robe
rPois   .            (no helmet)
rElec   .            (no cloak)
rCorr   .            (no gloves)
SInv    .            (no boots)
Will    .....        (no amulet)
Stlth   ++           (no ring)
HPRegen 0.23/turn    (no ring)
MPRegen 0.12/turn

%: no passive effects
@: no status effects
A: no striking features
a: no special abilities


You were on level 4 of the Dungeon.
You visited 1 branch of the dungeon, and saw 4 of its levels.

You collected 119 gold pieces.

Inventory:

Hand Weapons
 e - a +0 dagger (weapon)
Armour
 a - a +0 robe (worn)
Jewellery
 f - a +6 ring of intelligence
Scrolls
 c - 5 scrolls of identify {@r1}
 g - a scroll of enchant armour
Potions
 b - a potion of magic
 d - a potion of lignification
 h - a potion of experience {unknown}


   Skills:
 - Level 3.1 Dodging
 - Level 3.2 Stealth
 - Level 3.5 Spellcasting
 + Level 4.8 Ice Magic


You had 2 spell levels left.
You knew the following spells:

 Your Spells              Type           Power      Damage    Failure   Level
a - Freeze                Ice            92%        1d9       1%          1
b - Frozen Ramparts       Ice            46%        1d7       5%          3
c - Ozocubu's Armour      Ice            23%        N/A       5%          3

Your spell library contained the following spells:

 Spells                   Type           Power      Damage    Failure   Level
 Summon Ice Beast         Ice/Summ       13%        N/A       43%         4


Dungeon Overview and Level Annotations

Branches:
Dungeon (4/15) Zot: 22820
 Temple: D:4-7

Altars:


Message History

MP restored: 10 An orc comes into view. It is wielding a +0 dagger.
The orc shouts!
Casting: Freeze (safe; 1% risk of failure)
Confirm with . or Enter, or press ? or * to list all spells.
Aiming: Freeze (safe; 1% risk of failure)
Press: ? - help, Shift-Dir - straight line, f - orc
Aim: an orc, wielding a +0 dagger and wearing a +0 leather armour You freeze the orc!
You kill the orc!
You now have 9/10 mp.
A howler monkey comes into view.
MP restored: 10
Found 6 gold pieces.
An iguana comes into view.
The iguana hisses angrily.
Found a red potion.
Found an escape hatch in the floor.
The iguana bites you!
Ouch! That really hurt!
* * * LOW HITPOINT WARNING * * *
You take 14 damage, and have 5/19 hp.
MASSIVE DAMAGE!!
Casting: Freeze (safe; 1% risk of failure)
Confirm with . or Enter, or press ? or * to list all spells.
Aiming: Freeze (safe; 1% risk of failure)
Press: ? - help, Shift-Dir - straight line, f - iguana
Aim: an iguana You freeze the iguana.
The iguana is moderately wounded.
The iguana seems to slow down.
You now have 9/10 mp.
Casting: Freeze (safe; 1% risk of failure)
Confirm with . or Enter, or press ? or * to list all spells.
Aiming: Freeze (safe; 1% risk of failure)
Press: ? - help, Shift-Dir - straight line, f/p - iguana
Aim: an iguana (moderately wounded, slow)
You freeze the iguana.
The iguana is severely wounded.
The iguana seems to slow down.
The iguana bites you!
Ouch! That really hurt!
You die...

##.........
##..........
#...........
#...........
#.<....[.... ###
##.......... #..###
##......... #....###
##........
#.l@...### ##.......
>............##
###.....
..!...........##
##....
....#..........##
###). ..#
#...........## #..#
.
##$..........####..#
#............##..##
#............#..##
#..............##


You could see an iguana (slow).

Vanquished Creatures
  An adder (D:2)
  A worm (D:2)
  A dart slug (D:2)
  An orc (D:4)
  A ball python (D:1)
  4 endoplasms
  A giant cockroach (D:1)
  2 goblins (D:2)
  3 hobgoblins
  3 jackals (D:1)
  A kobold (D:2)
  A rat (D:1)
20 creatures vanquished.

Notes
Turn   | Place    | Note
-------+----------+-------------------------------------------
     0 | D:1      | Psyclone the Deep Elf Ice Elementalist began the quest for
                  | the Orb.
     0 | D:1      | Reached XP level 1. HP: 10/10 MP: 6/6
     0 | D:1      | Noticed a minotaur
     0 | D:1      | Noticed a gargoyle
     3 | D:1      | Noticed an elf
     5 | D:1      | Noticed a dwarf
     7 | D:1      | Noticed a dwarf
     8 | D:1      | Noticed a vine stalker
    10 | D:1      | Noticed an octopode
    10 | D:1      | Noticed an elf
    12 | D:1      | Noticed an octopode
    14 | D:1      | Noticed a demigod
    14 | D:1      | Noticed a gargoyle
    17 | D:1      | Noticed a demonspawn
    19 | D:1      | Noticed a vampire
    19 | D:1      | Noticed an octopode
   647 | D:1      | Reached XP level 2. HP: 15/15 MP: 6/8
   967 | D:2      | Reached XP level 3. HP: 19/19 MP: 7/10
  1015 | D:2      | Learned a level 3 spell: Frozen Ramparts
  1019 | D:2      | Learned a level 3 spell: Ozocubu's Armour
  1180 | D:4      | Mangled by an iguana

Illustrated notes

Levels and vault maps discovered:
D:1:      shiori_arrival_whats_in_store_for_you, layout_basic
D:2:      layout_rooms, serial_shops, shop, basic_altar
D:3:      layout_rooms, lemuel_tele_altar, nicolae_overflow_hallway_of_the_gods,
          chequers_serial_rivers_small_3
D:4:      layout_cave_pods, serial_shops, kennysheep_mini, uniq_duvessa

Skill      XL: |  1  2 |
---------------+-------+-----
Stealth        | 3 |  3.2
Dodging        | 3 |  3.1
Spellcasting   | |  3.5
Ice Magic      | |  4.8

Action                     || total
---------------------------++-------
  Melee: Dagger            ||     2
   Cast: Freeze            ||    35
    Use: Scroll            ||     2
 Armour: Robe              ||     3
  Dodge: Dodged            ||    17
